 Dungeon Crawl Stone Soup version 0.31.0-11-ge490571c62 (webtiles) character file.

Game seed: 9143738649038908829

448 qw the Skirmisher (level 6, -1/36 HPs)
             Began as a Deep Elf Hunter on Feb 3, 2024.
             Incinerated by a bombardier beetle (3 damage)
             ... with a burning spray
             ... on level 4 of the Dungeon.
             The game lasted 00:00:10 (2758 turns).

qw the Skirmisher (Deep Elf Hunter)                 Turns: 2758, Time: 00:00:11

Health: -1/36      AC:  8    Str: 10    XL:     6   Next: 73%
Magic:  0/8        EV: 12    Int: 14    God:
Gold:   134        SH:  0    Dex: 24    Spells: 5/5 levels left

rFire   . . .        e - +0 orcbow
rCold   + . .        (shield currently unavailable)
rNeg    . . .        h - +1 ring mail {rC+}
rPois   .            (no helmet)
rElec   .            (no cloak)
rCorr   .            a - +0 pair of gloves
SInv    .            b - +0 pair of boots
Will    .....        g - amulet of guardian spirit
Stlth   +            i - +6 ring of dexterity
HPRegen 0.26/turn    (no ring)
MPRegen 0.11/turn

%: guardian spirit
@: on fire, glowing
A: no striking features
a: no special abilities


You were on level 4 of the Dungeon.
You visited 1 branch of the dungeon, and saw 4 of its levels.
You also visited: Sewer.

You collected 134 gold pieces.


   Skills:
 - Level 2.6 Fighting
 + Level 9.4 Ranged Weapons
 - Level 1.5 Armour
 - Level 3.1 Dodging
 - Level 1.2 Stealth


You had 5 spell levels left.
You didn't know any spells.
Your spell library was empty.

Inventory:

Hand Weapons
 e - a +0 orcbow (weapon)
Armour
 a - a +0 pair of gloves (worn)
 b - a +0 pair of boots (worn)
 h - a +1 ring mail of cold resistance (worn)
 j - the +1 leather armour "Huten" {rElec rF+ Int-4 Stlth+}
   (You found it on level 2 of the Dungeon)

   Int-4:     It affects your intelligence (-4).
   rF+:       It protects you from fire.
   rElec:     It insulates you from electricity.
   Stlth+:    It makes you more stealthy.
 l - a +0 helmet
Jewellery
 g - an amulet of guardian spirit (around neck)
 i - a +6 ring of dexterity (left hand)
Wands
 c - a wand of digging (6)
Potions
 d - 2 potions of haste {unknown}
 f - 2 potions of curing {unknown}
 k - a potion of cancellation
 m - a potion of enlightenment {unknown}

Dungeon Overview and Level Annotations

Branches:
Dungeon (4/15)              Sewer (visited)
 Temple: D:4-7

Altars:
Fedhas


Message History

You shoot an arrow.
The arrow hits the bombardier beetle but does no damage.
You shoot an arrow.
The arrow barely misses the bombardier beetle.
You shoot an arrow. The arrow hits the bombardier beetle!
The bombardier beetle is severely wounded.
You shoot an arrow.
The arrow barely misses the bombardier beetle.
You shoot an arrow.
The arrow barely misses the bombardier beetle.
You shoot an arrow.
The arrow barely misses the bombardier beetle.
The bombardier beetle sprays incendiary fluid at you.
The burning spray hits you.
You are covered in liquid fire!
You shoot an arrow. The arrow hits the bombardier beetle.
The bombardier beetle is almost dead.
The liquid fire burns you!
You shoot an arrow. The arrow hits the bombardier beetle.
You kill the bombardier beetle!
The liquid fire burns you!
You are on fire!
The liquid fire burns you!
You are on fire!
The liquid fire burns you!
You are on fire!
The liquid fire burns you!
You are on fire!
The liquid fire burns you!
You are on fire!
The liquid fire burns you!
You are on fire!
The liquid fire burns you!
You are on fire!
The liquid fire burns you!
You are on fire!
The liquid fire burns you!
You are on fire!
The liquid fire burns you!
You die...

#. #####.########... #
###.## #.# #### .. ....##
#.# # #. ....# #.# #
#.###...# #.# #.......#
#.### #...##..# #.#.##
.>##....#..#######....####
...........%.@...........+
....%......####.#######.##
####...##### #.# # #....
#.# #..... #.# #...... #.#
#...... #.# #...... #.#
##..... #..


There were no monsters in sight!

Vanquished Creatures
  Pargi (Sewer)
  A kobold brigand (Sewer)
  A brain worm (Sewer)
  A bombardier beetle (D:4)
  An orc priest (D:3)
  Terence (D:3)
  6 adders
  A dart slug (D:2)
  3 ribbon worms
  3 orcs (D:3)
  4 ball pythons
  6 endoplasms
  6 giant cockroaches
  5 hobgoblins
  7 kobolds
  5 quokkas
  9 bats
  3 frilled lizards
  3 goblins
  8 rats
75 creatures vanquished.

Notes
Turn   | Place    | Note
-------+----------+-------------------------------------------
     0 | D:1      | qw the Deep Elf Hunter began the quest for the Orb.
     0 | D:1      | Reached XP level 1. HP: 12/12 MP: 3/3
     0 | D:1      | 0 ||| qw: Version: 0.3-a-157-g843a77d
     0 | D:1      | 0 ||| qw: Game counter: 3893
     0 | D:1      | 0 ||| qw: Melee chars always use a shield: true
     0 | D:1      | 0 ||| qw: God list: Okawaru
     0 | D:1      | 0 ||| qw: Allow faded altars: false
     0 | D:1      | 0 ||| qw: Do Orc after clearing Dungeon:15 true
     0 | D:1      | 0 ||| qw: Do second Lair branch before Depths: true
     0 | D:1      | 0 ||| qw: Lair rune preference: random
     0 | D:1      | 0 ||| qw: Goals: Normal
     0 | D:1      | 0 ||| PLANNING D:1-11
   167 | D:1      | Reached skill level 6 in Ranged Weapons
   167 | D:1      | Reached XP level 2. HP: 14/16 MP: 4/4
   749 | D:1      | 749 ||| UPGRADING to +0 ring mail.
   759 | D:1      | 759 ||| DROPPING +0 leather armour.
   760 | D:1      | 760 ||| UPGRADING to amulet of guardian spirit.
   765 | D:1      | 765 ||| READING 2 scrolls labelled REPANG NUYCYHI.
   765 | D:1      | 765 ||| IDENTIFYING fuming sapphire potion
   766 | D:1      | 766 ||| DROPPING scroll of butterflies.
   767 | D:1      | 767 ||| DROPPING potion of magic.
   821 | D:2      | Found a blossoming altar of Fedhas.
   894 | D:2      | 894 ||| SWAPPING to +0 orcbow.
   895 | D:2      | 895 ||| DROPPING +0 shortbow.
   905 | D:2      | Found a faded altar of an unknown god.
   932 | D:2      | Reached XP level 3. HP: 20/20 MP: 5/5
  1126 | D:2      | Identified the +1 leather armour "Huten" {rElec rF+ Int-4
                  | Stlth+}
  1184 | D:2      | Reached skill level 7 in Ranged Weapons
  1311 | D:2      | 1311 ||| UPGRADING to +0 pair of gloves.
  1316 | D:2      | 1316 ||| UPGRADING to +0 pair of boots.
  1321 | D:2      | 1321 ||| UPGRADING to +1 ring mail of cold resistance.
  1331 | D:2      | 1331 ||| DROPPING +0 ring mail.
  1332 | D:2      | 1332 ||| UPGRADING to +6 ring of dexterity.
  1333 | D:2      | 1333 ||| READING 2 scrolls of identify.
  1333 | D:2      | 1333 ||| IDENTIFYING fuming black potion
  1334 | D:2      | 1334 ||| READING scroll of identify.
  1334 | D:2      | 1334 ||| IDENTIFYING scroll labelled ESCHEPR CEXKI
  1335 | D:2      | 1335 ||| DROPPING scroll of poison.
  1358 | D:3      | 1358 ||| PLANNING SEWER
  1402 | D:3      | Reached XP level 4. HP: 25/25 MP: 6/6
  1562 | D:3      | Reached skill level 8 in Ranged Weapons
  1639 | D:3      | Noticed Terence
  1647 | D:3      | Killed Terence
  1648 | D:3      | Reached skill level 3 in Dodging
  1648 | D:3      | Reached XP level 5. HP: 8/29 MP: 4/7
  1648 | D:3      | HP: 7/29 [poisoned by Terence]
  1945 | D:3      | Found a glowing drain.
  1954 | Sewer    | Entered a sewer
  1973 | Sewer    | Reached skill level 9 in Ranged Weapons
  1988 | Sewer    | Noticed Pargi
  2000 | Sewer    | HP: 7/29 [Pargi (5)]
  2001 | Sewer    | Killed Pargi
  2002 | Sewer    | Reached XP level 6. HP: 9/36 MP: 0/8
  2127 | Sewer    | Reached skill level 1 in Armour
  2235 | Sewer    | 2235 ||| READING 2 scrolls labelled SUAJEL NISYBISS.
  2236 | Sewer    | 2236 ||| DROPPING scroll of fear.
  2250 | D:3      | 2250 ||| PLANNING D:1-11
  2456 | D:4      | Identified the +1 dagger of Muegguat {antimagic, rPois rC+
                  | Will+ Int+5}
  2731 | D:4      | 2731 ||| FLEEEEING.
  2732 | D:4      | 2732 ||| FLEEEEING.
  2734 | D:4      | 2734 ||| FLEEEEING.
  2736 | D:4      | 2736 ||| FLEEEEING.
  2737 | D:4      | 2737 ||| FLEEEEING.
  2739 | D:4      | 2739 ||| FLEEEEING.
  2756 | D:4      | HP: 4/36 [burnt (6)]
  2758 | D:4      | Incinerated by a bombardier beetle

Levels and vault maps discovered:
D:1:      evilmike_arrival_plus, layout_basic
D:2:      layout_loops_cross, shapermc_ecumenical_altar_pompeii, basic_altar,
          minmay_misc_feat_plants
D:3:      layout_basic, portal_sewer_entry_f, kennysheep_generic_room_12,
          uniq_terence
D:4:      layout_loops_corners

Skill      XL: |  1  2  3  4  5  6 |
---------------+-------------------+-----
Ranged Weapons | 6 7 8 9 |  9.4
Dodging        | 3 |  3.1
Fighting       | 2 |  2.6
Armour         | 1 |  1.5
Stealth        | |  1.2

Action                     |  1- 3 |  4- 6 || total
---------------------------+-------+-------++-------
   Fire: Shortbow          |    50 |       ||    50
         Orcbow            |    55 |   109 ||   164
    Use: Scroll            |     3 |     1 ||     4
 Armour: Leather armour    |     6 |       ||     6
         Ring mail         |    17 |    39 ||    56
  Dodge: Dodged            |    22 |    32 ||    54

Table legend:
 A = Non-vault XP
 B = Vault XP
 C = Vault XP percentage of total XP
 D = Non-vault monster count
 E = Vault monster count
 F = Vault count percentage of total count
                 A         B        C        D         E       F
            +---------+---------+-------+---------+---------+-------
      Total |     262 |     378 |  59.1 |      60 |      15 |  20.0
            +---------+---------+-------+---------+---------+-------
        D:1 |      35 |       0 |   0.0 |      22 |       0 |   0.0
        D:2 |      41 |       0 |   0.0 |      14 |       0 |   0.0
        D:3 |     107 |      48 |  31.0 |      17 |       7 |  29.2
        D:4 |      79 |       0 |   0.0 |       7 |       0 |   0.0
      Sewer |       0 |     330 | 100.0 |       0 |       8 | 100.0
            +---------+---------+-------+---------+---------+-------
